 Dungeon Crawl Stone Soup version 0.23.0 (webtiles) character file.

Game seed: 2363874147121888500

788 Gargoyl the Covered (level 7, -1/59 HPs)
             Began as a Centaur Abyssal Knight on Feb 9, 2019.
             Was a Believer of Lugonu.
             Succumbed to a water moccasin's poison
             ... on level 5 of the Dungeon.
             The game lasted 00:07:42 (5504 turns).

Gargoyl the Covered (Centaur Abyssal Knight)        Turns: 5504, Time: 00:07:43

Health: -1/59      AC:  9    Str: 12 (15) XL:     7   Next: 56%
Magic:  9/10       EV:  1    Int: 10 (11) God:    Lugonu [**....]
Gold:   247        SH:  7    Dex:  9 (10) Spells: 6/6 levels left

rFire    + . .     SeeInvis .   a - +3 hand axe
rCold    + . .     Gourm    .   d - +0 shield
rNeg     . . .     Faith    .   i - +0 chain mail
rPois    +         Spirit   .   (no helmet)
rElec    +         Reflect  .   o - +0 cloak
rCorr    +         Harm     .   (no gloves)
MR       .....                  (no barding)
Stlth    ..........             (no amulet)
HPRegen  0.19/turn              n - ring of stealth
MPRegen  0.12/turn              h - ring of flight

@: lethally poisoned (-1 -> -29), resistant, very quick
A: large, hooves 3, deformed body, speed 2, tough skin 3
a: Depart the Abyss, Bend Space, Renounce Religion, Evoke Flight


You were on level 5 of the Dungeon.
You worshipped Lugonu.
Lugonu was pleased with you.
You were not hungry.

You visited 1 branch of the dungeon, and saw 5 of its levels.
You visited the Abyss 1 time.

You collected 247 gold pieces.

Inventory:

Hand Weapons
 a - a +3 hand axe (weapon)
Missiles
 k - 5 tomahawks (quivered)
Armour
 d - a +0 shield (worn)
 i - a +0 chain mail (worn)
 j - a +1 ring mail of fire resistance
 o - a +0 cloak (worn)
Jewellery
 h - a ring of flight (right hand)
 n - a ring of stealth (left hand)
Scrolls
 e - 4 scrolls of teleportation
 g - a scroll of remove curse
 p - a scroll of blinking
Potions
 b - a potion of might
Comestibles
 c - 6 rations


   Skills:
 + Level 4.0 Fighting
 + Level 4.1 Axes
 * Level 4.1 Armour
 + Level 1.4 Dodging
 + Level 1.4 Shields
 * Level 4.0 Invocations


You had 6 spell levels left.
You didn't know any spells.
Your spell library was empty.

Dungeon Overview and Level Annotations

Branches:
Dungeon (5/15)             Temple (0/1) D:5

Altars:
Elyvilon
Makhleb
Okawaru
Vehumet
Wu Jian
Xom
Yredelemnul
Zin

Annotations:
D:3 1 runed translucent door


Innate Abilities, Weirdness & Mutations

You have hooves in place of feet.
Armour fits poorly on your strangely shaped body.
You cover ground very quickly.
You have extremely tough skin. (AC +3)


Message History

* * * LOW HITPOINT WARNING * * *
You feel very sick. The water moccasin bites you.
* * * LOW HITPOINT WARNING * * *
You hit the water moccasin.
You kill the water moccasin!
Lugonu accepts your kill.
You feel your intelligence returning.
Your Fighting skill increases to level 4!
Your Axes skill increases to level 4!
Your Invocations skill increases to level 4!
* * * LOW HITPOINT WARNING * * *
You feel very sick.
* * * LOW HITPOINT WARNING * * *
You feel sick.
You see here a water moccasin corpse.
* * * LOW HITPOINT WARNING * * *
You feel sick.
Unknown command.
You die...

**** ,,,* ****#***** ***** **
#..,,* ### *,,,, ,*
*#....########.## *,**,
,***.......<....@..#** *,**,
,,**.#...##.#####....# *,**,
,,**,#.,,*#.# *,#....#*******,**,
*,**,*,,,*#.# *,#..#....,,,,,,,,,
*,**,*,,,*#.#**,#........,,,,,**,
*,**,*****#..,,,.........,,,,,,,,
,,,,,,,,,,...,,,.........,,,,,,,,
*,*,,,,,,,...**,#........,,,,,,,,
*,,,,,,,,,,,,,,,*,,,,,,,,,,*****,


There were no monsters in sight!

Vanquished Creatures
  Grinder (D:4)
  A water moccasin (D:5)
  A centaur (D:3)
  2 scorpions
  A crimson imp (D:3)
  2 orc priests (D:4)
  A hound (D:3)
  Natasha (twice) (D:2)
  3 adders (D:3)
  2 oozes
  An adder skeleton (D:4)
  6 worms
  5 dart slugs
  3 leopard geckos
  8 orcs
  A ball python (D:1)
  3 giant cockroaches
  7 goblins
  9 hobgoblins
  A quokka (D:3)
  11 bats
  3 frilled lizards
  11 kobolds
  A leopard gecko skeleton (D:4)
  6 rats
92 creatures vanquished.

Notes
Turn   | Place    | Note
-------+----------+-------------------------------------------
     0 | Abyss:1  | Gargoyl the Centaur Abyssal Knight began the quest for the
                  | Orb.
     0 | Abyss:1  | Reached XP level 1. HP: 19/19 MP: 2/2
    50 | Abyss:2  | Noticed a wretched star
    55 | D:1      | Escaped the Abyss
   254 | D:1      | Reached XP level 2. HP: 19/26 MP: 3/3
   382 | D:1      | Reached * piety under Lugonu
   860 | D:2      | Found a shimmering altar of Xom.
   880 | D:2      | Reached skill level 1 in Dodging
   880 | D:2      | Reached XP level 3. HP: 21/31 MP: 4/4
  1543 | D:2      | Found an ornate altar of the Wu Jian Council.
  1588 | D:2      | Noticed Natasha
  1603 | D:2      | Killed Natasha
  1603 | D:2      | Reached XP level 4. HP: 29/38 MP: 5/5
  1620 | D:2      | Noticed Natasha
  1631 | D:2      | Killed Natasha
  1907 | D:2      | Found a radiant altar of Vehumet.
  2116 | D:3      | Found a transporter.
  2121 | D:3      | Found a transporter.
  2123 | D:3      | Noticed a centaur
  2123 | D:3      | Found a burning altar of Makhleb.
  2146 | D:3      | Reached ** piety under Lugonu
  2165 | D:3      | Reached skill level 1 in Shields
  2333 | D:3      | Reached XP level 5. HP: 39/45 MP: 7/7
  2802 | D:3      | Found a white marble altar of Elyvilon.
  2802 | D:3      | Noticed an angel
  2803 | D:3      | Found a runed translucent door.
  2942 | D:3      | Found a basalt altar of Yredelemnul.
  3045 | D:3      | Found an iron altar of Okawaru.
  3154 | D:3      | Killed a centaur
  3154 | D:3      | Reached XP level 6. HP: 20/51 MP: 8/8
  3958 | D:4      | Found a glowing silver altar of Zin.
  4031 | D:4      | Noticed Grinder
  4049 | D:4      | Paralysed by Grinder for 6 turns
  4065 | D:4      | Killed Grinder
  4065 | D:4      | Reached XP level 7. HP: 3/58 MP: 9/9
  4394 | D:4      | Found a burning altar of Makhleb.
  4394 | D:4      | Noticed an Executioner
  5486 | D:5      | Entered Level 5 of the Dungeon
  5503 | D:5      | HP: 1/59 [poisoned by a water moccasin]
  5504 | D:5      | Succumbed to a water moccasin's poison

Skill      XL: |  1  2  3  4  5  6  7 |
---------------+----------------------+-----
Axes           | 2 3 4 |  4.1
Dodging        | 1 |  1.4
Armour         | 2 3 4 |  4.1
Shields        | 1 |  1.4
Invocations    | 3 4 |  4.0
Fighting       | 4 |  4.0

Action                   |  1- 3 |  4- 6 |  7- 9 || total
-------------------------+-------+-------+-------++-------
Melee: Hand axe          |   153 |   146 |    46 ||   345
       Kick              |    19 |    34 |     7 ||    60
Invok: Depart the Abyss  |     1 |       |       ||     1
  Use: Scroll            |       |     9 |     1 ||    10
       Potion            |       |     5 |     2 ||     7
  Eat: Chunk             |     1 |     5 |       ||     6
       Ration            |       |     1 |     1 ||     2
Armor: Leather armour    |    28 |       |       ||    28
       Chain mail        |   143 |   111 |    31 ||   285
Dodge: Dodged            |    22 |     7 |     6 ||    35
Block: Shield            |    82 |    62 |    12 ||   156
